 Dungeon Crawl Stone Soup version 0.27-a0-457-gba82baf56e (webtiles) character file.

Game seed: 818173322864293978

3219 Nattfarinn the Blocker (level 10, -1/80 HPs)
             Began as a Formicid Abyssal Knight on Feb 28, 2021.
             Was an Elder of Lugonu.
             Slain by Harold
             ... wielding a +0 halberd
              (5 damage)
             ... on level 7 of the Dungeon.
             The game lasted 00:16:38 (9029 turns).

Nattfarinn the Blocker (Formicid Abyssal Knight)    Turns: 9029, Time: 00:16:39

Health: -1/80      AC:  8    Str: 20    XL:     10   Next: 17%
Magic:  11/11      EV: 14    Int: 12    God:    Lugonu [****..]
Gold:   468        SH: 11    Dex: 10    Spells: 9/9 levels left

rFire    . . .     SeeInvis +   C - +6 battleaxe
rCold    . . .     Faith    .   u - +0 kite shield
rNeg     . . .     Spirit   .   n - +0 scale mail
rPois    .         Reflect  .   (helmet unavailable)
rElec    .         Harm     .   (no cloak)
rCorr    .         Rampage  .   (no gloves)
Will     +....                  (no boots)
Stlth    ..........             (no amulet)
HPRegen  0.23/turn              s - +4 ring of evasion
MPRegen  0.12/turn              (no ring)

@: mighty, marked
A: permanent stasis, dig shafts and tunnels, four strong arms, antennae 3
a: Dig, Shaft Self, Renounce Religion, Depart the Abyss, Bend Space, Banish,
Corrupt


You were on level 7 of the Dungeon.
You worshipped Lugonu.
Lugonu was greatly pleased with you.
You visited 1 branch of the dungeon, and saw 7 of its levels.
You visited the Abyss 1 time.

You collected 468 gold pieces.

Inventory:

Hand Weapons
 a - a +2 hand axe
 d - a +2 trident of venom
 q - a +2 hand axe of holy wrath
 C - a +6 battleaxe (weapon)
Armour
 b - a +0 leather armour
 j - a +0 ring mail of fire resistance
 l - a +0 buckler
 n - a +0 scale mail (worn)
 u - a +0 kite shield (worn)
Jewellery
 s - a +4 ring of evasion (left hand)
 v - an amulet of regeneration
 E - the ring "Zodiopha" {+Fly rF+ EV+4 Slay+2}
   (You found it on level 7 of the Dungeon)

   [ring of evasion]

   It affects your evasion (+4).
   It affects your accuracy and damage with ranged weapons and melee attacks
   (+2).
   It protects you from fire.
   It lets you fly.
Wands
 m - a wand of digging (8)
 A - a wand of mindburst (17)
 G - a wand of charming (6)
Scrolls
 c - 3 scrolls of enchant weapon
 g - 2 scrolls of blinking
 h - a scroll of random uselessness
 p - 4 scrolls of identify {unknown}
 r - a scroll of fear {unknown}
 t - 2 scrolls of fog
 w - 2 scrolls of noise {unknown}
 x - 2 scrolls of teleportation {unknown}
 y - a scroll of amnesia {unknown}
 z - a scroll of magic mapping {unknown}
 B - 3 scrolls of enchant armour {unknown}
Potions
 e - 2 potions of heal wounds {unknown}
 f - 2 potions of lignification {unknown}
 i - 2 potions of might
 k - a potion of flight {unknown}
 o - 2 potions of curing {unknown}
 D - a potion of degeneration {unknown}
 F - a potion of resistance {unknown}


   Skills:
 - Level 8.2 Fighting
 * Level 6.1 Axes
 - Level 7.7 Armour
 - Level 0.8 Dodging
 - Level 9.2 Shields
 - Level 2.1 Invocations


You had 9 spell levels left.
You didn't know any spells.
Your spell library contained the following spells:

 Spells                   Type           Power        Failure   Level
 Magic Dart               Conj           0%           63%         1
 Sandblast                Erth           0%           63%         1
 Call Imp                 Summ           0%           77%         2
 Passwall                 Tmut/Erth      0%           77%         2
 Slow                     Hex            0%           77%         2
 Confusing Touch          Hex            0%           94%         3
 Conjure Flame            Conj/Fire      0%           94%         3
 Gell's Gravitas          Tloc           0%           94%         3
 Mephitic Cloud           Conj/Pois/Air  0%           94%         3
 Stone Arrow              Conj/Erth      0%           94%         3
 Petrify                  Tmut/Erth      0%           100%        4
 Lee's Rapid Deconstruct  Erth           0%           100%        5
 Metabolic Englaciation   Hex/Ice        0%           100%        5
 Yara's Violent Unravell  Hex/Tmut       0%           100%        5
 Blink                    Tloc           Unusable     N/A         2

Dungeon Overview and Level Annotations

Branches:
Dungeon (7/15)             Temple (0/1) D:6

Altars:
Ashenzari
Fedhas
Hepliaklqana
Kikubaaqudgha
Yredelemnul

Annotations:
D:6 1 runed translucent door, Crazy Yiuf, Sigmund
D:7 Harold


Innate Abilities, Weirdness & Mutations

You cannot be hasted, slowed, berserked, paralysed or teleported.
You can dig through walls and to a lower floor.
Your four strong arms can wield two-handed weapons with a shield.
You have a pair of large antennae on your head. (SInv)


Message History

You closely miss the ufetubus. The ufetubus closely misses you. x2
Harold closely misses you.
The ufetubus hits you but does no damage.
You block the ufetubus's attack.
You slash the ufetubus!
You kill the ufetubus!
Lugonu accepts your kill. Harold closely misses you.
You slice the quokka!!
You kill the quokka!
Lugonu accepts your kill.
Harold hits you from afar with a +0 halberd!!
* * * LOW HITPOINT WARNING * * *
You are too injured to fight recklessly!
You are too injured to fight recklessly!
It was a potion of might.
You feel very mighty all of a sudden. You block Harold's attack.
Harold completely misses you.
Things that are here:
a +0 shortbow; 20 arrows You slice Harold!!
Harold is moderately wounded.
Harold hits you with a +0 halberd!
* * * LOW HITPOINT WARNING * * *
You hit Harold.
Harold is heavily wounded.
Harold gestures at you while chanting. A sentinel's mark forms upon you.
Okay, then.
Okay, then.
You barely miss Harold.
Harold is heavily wounded.
You block Harold's attack.
You slice Harold!!
Harold is severely wounded.
Harold hits you with a +0 halberd!
* * * LOW HITPOINT WARNING * * *
Harold hits you with a +0 halberd.
You die...

# ... # #.# # .. #.# .# .
.# # #.# #.#..# # #.
#.##...... #.# ##(# #....:
..# #.####..@###..# #.# #
#........@....## ##.# #
#.####...##.(.##.##.# #
#.# ##.# #.........# # #.#
#.# #. ###.##.##)##### #
#.#.##.## # #.##........##
# #.#.#.<.####.#
#.#####....... #
#.#...#......# ###.###
#..##.## # #.###...######
#.....# #.)##.# # #.#
##.#########.###.###..##.#


You could see Harold.

Vanquished Creatures
  Prince Ribbit (D:7)
  Eustachio (D:6)
  A black bear (D:6)
  A necrophage (D:7)
  4 ogres
  A phantom (D:4)
  5 centaurs
  Blork the orc (D:4)
  6 bullfrogs
  A kobold brigand (D:7)
  2 scorpions
  3 wights (D:6)
  2 howler monkeys (D:4)
  2 bullfrog zombies
  A jelly (D:5)
  5 hounds
  2 bullfrog skeletons
  6 orc priests
  A centaur skeleton (D:5)
  2 iguanas
  4 orc wizards
  6 worker ants
  2 worker ant zombies
  A howler monkey skeleton (D:6)
  13 adders
  A white imp (D:5)
  2 ufetubi
  An ooze (D:7)
  An adder skeleton (D:5)
  A dart slug (D:2)
  7 leopard geckos
  34 orcs
  7 bats
  4 giant cockroaches
  6 goblins
  3 hobgoblins (D:1)
  9 jackals
  8 kobolds
  4 quokkas
  2 ball pythons
  7 frilled lizards
  A leopard gecko skeleton (D:5)
  A quokka skeleton (D:4)
  7 rats
180 creatures vanquished.

Vanquished Creatures (others)
  A fungus (D:6)
  A withered plant (D:3)
2 creatures vanquished.

Grand Total: 182 creatures vanquished

Notes
Turn   | Place    | Note
-------+----------+-------------------------------------------
     0 | Abyss:1  | Nattfarinn the Formicid Abyssal Knight began the quest for
                  | the Orb.
     0 | Abyss:1  | Reached XP level 1. HP: 18/18 MP: 2/2
     1 | Abyss:1  | Found a corrupted altar of Lugonu.
    17 | D:1      | Escaped the Abyss
   216 | D:1      | Reached XP level 2. HP: 24/24 MP: 3/3
   591 | D:1      | Reached XP level 3. HP: 30/30 MP: 4/4
  1508 | D:2      | Reached XP level 4. HP: 13/37 MP: 5/5
  2085 | D:2      | Reached ** piety under Lugonu
  2593 | D:3      | Found a basalt altar of Yredelemnul.
  2672 | D:3      | Found a broken altar of Ashenzari.
  2758 | D:3      | Reached XP level 5. HP: 20/43 MP: 6/6
  3564 | D:4      | Noticed Blork the orc
  3574 | D:4      | Killed Blork the orc
  3575 | D:4      | Reached skill level 5 in Fighting
  3575 | D:4      | Reached XP level 6. HP: 43/51 MP: 7/7
  3791 | D:4      | Noticed an ogre
  3809 | D:4      | Killed an ogre
  3810 | D:4      | Reached skill level 5 in Armour
  3810 | D:4      | Reached XP level 7. HP: 24/57 MP: 8/8
  4823 | D:4      | Reached *** piety under Lugonu
  5000 | D:4      | Found an ancient bone altar of Kikubaaqudgha.
  5072 | D:4      | Found a blossoming altar of Fedhas.
  5174 | D:5      | Entered Level 5 of the Dungeon
  5213 | D:5      | Reached XP level 8. HP: 48/65 MP: 9/9
  6340 | D:5      | Reached skill level 5 in Axes
  6340 | D:5      | Reached XP level 9. HP: 52/74 MP: 10/10
  6612 | D:5      | Found a hazy altar of Hepliaklqana.
  7189 | D:6      | Reached skill level 1 in Shields
  7202 | D:6      | Reached skill level 2 in Shields
  7342 | D:6      | Reached skill level 3 in Shields
  7495 | D:6      | Found a staircase to the Ecumenical Temple.
  7500 | D:6      | Noticed Eustachio
  7523 | D:6      | Killed Eustachio
  7524 | D:6      | Reached skill level 4 in Shields
  7594 | D:6      | Found a runed translucent door.
  7595 | D:6      | Noticed Crazy Yiuf
  7837 | D:6      | Reached skill level 5 in Shields
  7924 | D:6      | Reached skill level 6 in Shields
  8196 | D:6      | Noticed Sigmund
  8417 | D:7      | Reached skill level 7 in Shields
  8561 | D:7      | Identified the ring "Zodiopha" {+Fly rF+ EV+4 Slay+2}
  8694 | D:7      | Reached skill level 8 in Shields
  8745 | D:7      | Reached XP level 10. HP: 54/80 MP: 11/11
  8883 | D:7      | Reached skill level 9 in Shields
  9007 | D:7      | Noticed Prince Ribbit
  9015 | D:7      | Killed Prince Ribbit
  9019 | D:7      | Reached **** piety under Lugonu
  9020 | D:7      | Noticed Harold
  9029 | D:7      | HP: 4/80 [Harold/+0 halberd (10)]
  9029 | D:7      | Slain by Harold

Illustrated notes

Levels and vault maps discovered:
D:1:      nicolae_arrival_memento_mori, layout_basic, skrybe_limestone_x,
          minmay_misc_feat_enclosed
D:2:      layout_loops_ring, minmay_diced_spiral
D:3:      layout_loops_cross, yredelemnul_altar_generic,
          nicolae_overflow_hidden_temple, minmay_misc_feat_alley
D:4:      layout_loops_ring, lemuel_coloured_pillars_altar,
          general_overflow_altar, uniq_blork_the_orc
D:5:      minmay_thinvault, layout_basic, nzn_hepliaklqana_mist_gate,
          minmay_door_square
D:6:      layout_loops_ring, minmay_temple_entry_from_below_a,
          uniq_crazy_yiuf_cottage, uniq_sigmund, uniq_eustachio
D:7:      layout_loops_ring, uniq_prince_ribbit1, uniq_harold

Skill      XL: |  1  2  3  4  5  6  7  8  9 10 |
---------------+-------------------------------+-----
Armour         | 3 4 5 6 7 |  7.7
Fighting       | 4 5 6 8 |  8.2
Axes           | 3 4 5 6 |  6.1
Shields        | 8 9 |  9.2
Dodging        | |  0.8
Invocations    | |  2.1

Action                   |  1- 3 |  4- 6 |  7- 9 | 10-12 || total
-------------------------+-------+-------+-------+-------++-------
Melee: Hand axe          |   117 |    19 |       |       ||   136
       Trident           |       |   107 |   286 |       ||   393
       Battleaxe         |       |       |   109 |    37 ||   146
  Use: Scroll            |       |     4 |       |       ||     4
       Potion            |       |       |       |     1 ||     1
Armor: Leather armour    |    41 |     1 |       |       ||    42
       Ring mail         |       |     9 |       |       ||     9
       Scale mail        |       |    46 |   124 |     6 ||   176
Dodge: Dodged            |    92 |    51 |   206 |    20 ||   369
Block: Buckler           |       |    13 |       |       ||    13
       Kite shield       |       |       |   163 |    25 ||   188

Table legend: (Time is in decaauts)
 A = Elapsed time spent in this place.
 B = Non-inter-level travel time spent in this place.
 C = Inter-level travel time spent in this place.
 D = Time resting spent in this place.
 E = Time spent auto-exploring this place.
 F = Levels seen in this place.
 G = Mean time per level.
                   A        B        C        D        E       F      G
               +--------+--------+--------+--------+--------+-----+--------+
         Total |   9292 |   9091 |    201 |   1463 |   6135 |   8 | 1161.5 |
       Dungeon |   9275 |   9074 |    201 |   1463 |   6128 |   7 | 1325.0 |
         Abyss |     17 |     17 |      0 |      0 |      7 |   1 |   17.0 |
               +--------+--------+--------+--------+--------+-----+--------+

Top non-repeatable levels by time:
     D:5: 1981 daAuts
     D:4: 1702 daAuts
     D:6: 1335 daAuts
     D:3: 1198 daAuts
     D:1: 1187 daAuts
     D:2: 1172 daAuts
     D:7: 696 daAuts
 Abyss:1: 17 daAuts
